 Dungeon Crawl Stone Soup version 0.21-a0-225-g207ae17 (webtiles) character file.

331 tidbits the Skirmisher (level 6, -2/56 HPs)
             Began as a Draconian Wanderer on Aug 28, 2017.
             Was an Initiate of Wu Jian.
             Slain by a wight
             ... wielding a cursed +4 great sword
              (16 damage)
             ... on level 8 of the Dungeon.
             The game lasted 00:14:43 (1194 turns).

tidbits the Skirmisher (Draconian Wanderer)         Turns: 1194, Time: 00:14:44

Health: -2/56      AC: 13    Str: 16    XL:     6   Next: 26%
Magic:  4/9        EV: 13    Int: 13    God:    Wu Jian [......]
Gold:   99         SH:  0    Dex: 10    Spells: 4/9 levels left

rFire    . . .     SeeInvis .   a - +1 mace (protect)
rCold    . . .     Gourm    .   (no shield)
rNeg     . . .     Faith    .   (armour unavailable)
rPois    .         Spirit   .   (helmet restricted)
rElec    .         Reflect  .   (no cloak)
rCorr    .         Harm     .   (no gloves)
MR       .....                  (no boots)
Stlth    +.........             (no amulet)
HPRegen  0.18/turn              (no ring)
MPRegen  0.11/turn              (no ring)

@: protection aura, very slightly contaminated, invisible
A: unfitting armour, cold-blooded, AC +6
a: Renounce Religion


You were on level 8 of the Dungeon.
You worshipped Wu Jian.
Wu Jian was noncommittal.
You were not hungry.

You visited 2 branches of the dungeon, and saw 9 of its levels.

You collected 99 gold pieces.

Inventory:

Hand Weapons
 a - a +1 mace of protection (weapon)
   (You found it on level 3 of the Dungeon)
 r - a +1 club
 t - a +0 war axe
 z - a +0 battleaxe
Missiles
 h - 22 arrows
 o - 36 bolts
 p - 29 stones
 q - 4 tomahawks
 s - 3 javelins (quivered)
 y - 17 sling bullets
Wands
 k - a wand of confusion (16/48)
 v - a wand of iceblast (1/15)
Scrolls
 e - 2 scrolls of enchant weapon
 j - a scroll of random uselessness {unknown}
 l - a scroll of recharging {unknown}
 w - a scroll of remove curse {unknown}
 x - a scroll of amnesia {unknown}
Books
 b - the Disquisition on Confrontation

   Spells                             Type                      Level
   a - Flame Tongue                   Conjuration/Fire             1
   b - Stone Arrow                    Conjuration/Earth            3
 c - the Handbook of the Sage

   Spells                             Type                      Level
   a - Pain                           Necromancy                   1
   b - Regeneration                   Charms/Necromancy            3
 d - a book of Geomancy

   Spells                             Type                      Level
   a - Sandblast                      Earth                        1
   b - Passwall                       Transmutation/Earth          2
   c - Stone Arrow                    Conjuration/Earth            3
   d - Petrify                        Transmutation/Earth          4
   e - Lee's Rapid Deconstruction     Earth                        5
Comestibles
 f - 2 bread rations
 g - 4 fruits
 i - a royal jelly
 n - 3 chunks of flesh


   Skills:
 + Level 5.5 Fighting
 - Level 1.0 Throwing
 + Level 3.1 Dodging
   Level 1.0 Shields
 - Level 2.0 Spellcasting
 - Level 4.0 Necromancy
 - Level 2.0 Earth Magic


You had 4 spell levels left.
You knew the following spells:

 Your Spells              Type           Power        Failure   Level  Hunger
r - Regeneration          Chrm/Necr      #.........   32%         3    ####...
t - Sandblast             Erth           #.....       11%         1    ##.....
z - Pain                  Necr           ##..         4%          1    ##.....


Dungeon Overview and Level Annotations

Branches:
Dungeon (8/15)             Temple (1/1) D:4
   Lair: D:8-11

Altars:
Dithmenos
Nemelex Xobeh
Uskayaw
Wu Jian
Xom

Annotations:
D:4 Robin


Innate Abilities, Weirdness & Mutations

Your plain brown scales are hard. (AC +6)
You cannot fit into any form of body armour.
You are cold-blooded and may be slowed by cold attacks.


Message History

You creak for attention!
What are your orders? t - Creak!
Orders for allies: a - Attack new target. r - Retreat! s - Stop attacking. g - Guard the area. f - Follow me.
Anything else - Cancel.
You creak for attention!
What are your orders? t - Creak!
Orders for allies: a - Attack new target. r - Retreat! s - Stop attacking. g - Guard the area. f - Follow me.
Anything else - Cancel.
You creak for attention!
A sky beast comes into view.
What are your orders? t - Creak!
Orders for allies: a - Attack new target. r - Retreat! s - Stop attacking. g - Guard the area. f - Follow me.
Anything else - Cancel.
You creak for attention!
You hear a loud, deep croak!
What are your orders? t - Creak!
Orders for allies: a - Attack new target. r - Retreat! s - Stop attacking. g - Guard the area. f - Follow me.
Anything else - Cancel.
You creak for attention!
The sky beast flickers out of sight!
Deactivating autopickup; reactivate with Ctrl-A.
A wight comes into view.
It is wielding an enchanted short sword.
What are your orders? t - Creak!
Orders for allies: a - Attack new target. r - Retreat! s - Stop attacking. g - Guard the area. f - Follow me.
Anything else - Cancel.
You creak for attention!
You hit the wight but do no damage.
Your weapon exudes an aura of protection.
The wight hits you but does no damage.
It was a potion of invisibility.
You fade into invisibility!
The wight hits you but does no damage.
You are very lightly contaminated with residual magic.
You hit the wight but do no damage. The wight hits you but does no damage.
You hit the wight.
The wight is moderately damaged.
The wight hits you with an enchanted great sword.
* * * LOW HITPOINT WARNING * * *
A wight comes into view. It is wielding an enchanted trident.
You barely miss the wight.
The wight is lightly damaged.
The wight hits you but does no damage.
You hit the wight.
The wight is moderately damaged.
Your transformation is almost over.
The wight hits you but does no damage.
A sky beast appears from thin air!
Reactivating autopickup.
The wight hits you but does no damage.
You hit the wight.
The wight is moderately damaged.
The wight hits you but does no damage.
You hit the wight but do no damage.
The wight is moderately damaged.
The sky beast flickers out of sight!
Deactivating autopickup; reactivate with Ctrl-A.
The wight hits you but does no damage.
You hit the wight but do no damage.
The wight is moderately damaged.
The wight hits you but does no damage.
You strike the helpless wight from behind!
You hit the wight but do no damage.
The wight is moderately damaged.
You closely miss the wight.
The wight is moderately damaged.
You feel less wooden. The wight barely misses you.
Press: ? - help, v - describe, . - travel
Here: a wight, wielding an enchanted trident and wearing a robe The floor.
Some of the chunks of flesh in your inventory have rotted away.
You barely miss the wight.
The wight is moderately damaged.
The wight barely misses you.
A sky beast appears from thin air!
Reactivating autopickup.
You hear the slow hiss of a very distant avalanche of sand.
You catch the helpless wight completely off-guard!
You hit the wight.
Your weapon exudes an aura of protection.
You tail-slap the wight, but do no damage.
The wight is moderately damaged.
The wight hits you with an enchanted great sword.
* * * LOW HITPOINT WARNING * * *
You hit the wight but do no damage. You tail-slap the wight.
The wight is heavily damaged.
The wight hits you with an enchanted great sword!
You die...

#. #.# #........#.#
#........#.#
#........#.#
#...(....#.##########
#........#.zYz@...).#
#......F.#..#######.#
. #....a...#..#
####.####
#.##'#######..#
#.....<.#
#......zz[.z.##
#.##.##.#
##.#..######## #
#.##.# .....## #.##.#
...... #.##.# ##.#..
#.##.#


You could see a sky beast and 2 wights.

Vanquished Creatures
  A bullfrog (D:6)
  A howler monkey (D:4)
  2 wights (D:8)
  An iguana (D:5)
  2 worker ants (D:8)
  2 adders (D:3)
  3 dart slugs (D:1)
  3 leopard geckos
  6 orcs
  3 giant cockroaches
  4 goblins
  2 kobolds
  3 quokkas
  A ball python (D:3)
  A bat (D:3)
  A frilled lizard (D:4)
  2 rats (D:3)
38 creatures vanquished.

Notes
Turn   | Place    | Note
-------+----------+-------------------------------------------
     0 | D:1      | tidbits the Draconian Wanderer began the quest for the Orb.
     0 | D:1      | tidbits set off with: a book of Geomancy, the Disquisition on Confrontation, the Handbook of the Sage, a +0 club, a bread ration
     0 | D:1      | Reached XP level 1. HP: 14/14 MP: 3/3
     0 | D:1      | Identified the Disquisition on Confrontation
     0 | D:1      | Identified the Handbook of the Sage
     2 | D:1      | Learned a level 1 spell: Pain
    39 | D:1      | Reached skill level 1 in Fighting
    64 | D:1      | Reached XP level 2. HP: 12/24 MP: 0/5
   239 | D:2      | Found a shadowy altar of Dithmenos.
   241 | D:2      | Reached skill level 2 in Fighting
   463 | D:3      | Learned a level 1 spell: Sandblast
   470 | D:3      | Reached skill level 3 in Fighting
   470 | D:3      | Reached XP level 3. HP: 18/31 MP: 1/6
   475 | D:3      | Learned a level 3 spell: Regeneration
   626 | D:4      | Reached skill level 4 in Fighting
   626 | D:4      | Reached skill level 1 in Dodging
   626 | D:4      | Reached XP level 4. HP: 30/40 MP: 0/7
   727 | D:4      | Noticed Robin
   730 | D:5      | Entered Level 5 of the Dungeon
   793 | D:4      | Found a staircase to the Ecumenical Temple.
   801 | Temple   | Entered the Ecumenical Temple
   837 | Temple   | Became a worshipper of the Wu Jian Council
   913 | D:7      | Found a sparkling altar of Nemelex Xobeh.
   941 | D:7      | Noticed a bullfrog
   956 | D:6      | Killed a bullfrog
   956 | D:6      | Reached skill level 2 in Dodging
   956 | D:6      | Reached XP level 5. HP: 32/47 MP: 2/8
  1052 | D:6      | You fall through a shaft for 2 floors!
  1081 | D:8      | Reached skill level 5 in Fighting
  1142 | D:8      | Reached XP level 6. HP: 20/56 MP: 1/9
  1164 | D:8      | Reached skill level 3 in Dodging
  1172 | D:8      | Noticed a sky beast
  1194 | D:8      | Slain by a wight

Vault maps used:
D:1:      dpeg_arrival_orchard, minmay_misc_feat_nine_boxes
D:2:      lemuel_round_altar, grunt_dithmenos_smoke_and_mirrors, serial_curves,
          eino_curves_03, eino_curves_03, eino_curves_04, first_bread, tgw_xom
D:3:      minmay_curled_crystal, minmay_surrounded
D:4:      minmay_temple_entry_grid, serial_shops, shop, uniq_robin
D:5:      minivault_4, uniq_menkaure
D:6:      minmay_misc_feat_roman, hangedman_decor_riveting
D:7:      nemelex_altar_shiori, lemuel_round_altar,
          nicolae_overflow_crystal_walls, overflow_temple_1_default, uniq_pikel
D:8:      cheibrodos_quashed, minmay_lair_entry_lava, enter_ossuary_1,
          minivault_25
Temple:   regret_index_temple_generic_petals

Skill      XL: |  1  2  3  4  5  6 |
---------------+-------------------+-----
Fighting       | 1 3 4 5 |  5.5
Dodging        | 1 2 3 |  3.1
Throwing       | |  1.0
Shields        | |  1.0
Spellcasting   | |  2.0
Necromancy     | |  4.0
Earth Magic    | |  2.0

Action                   |  1- 3 |  4- 6 || total
-------------------------+-------+-------++-------
Melee: Club              |    27 |       ||    27
       Tailslap          |     3 |     5 ||     8
       Mace              |       |    76 ||    76
Throw: Javelin           |       |     1 ||     1
 Cast: Pain              |    29 |    12 ||    41
       Sandblast         |     7 |    21 ||    28
Evoke: Wand              |       |    13 ||    13
  Use: Scroll            |     1 |     3 ||     4
       Potion            |       |     2 ||     2
 Stab: Invisible         |       |     2 ||     2
  Eat: Chunk             |       |     3 ||     3
Armor: Skin              |    13 |    37 ||    50
Dodge: Dodged            |    22 |    79 ||   101

Table legend:
 A = Spawn XP
 B = Non-spawn XP
 C = Spawn XP percentage of total XP
 D = Spawn monster count
 E = Non-spawn monster count
 F = Spawn count percentage of total count
 G = Total turns spent on level
                    A         B        C        D         E        F      G
               +---------+---------+-------+---------+---------+-------+---------
         Total |       2 |     472 |   0.4 |       1 |      37 |   2.6 |  1194
               +---------+---------+-------+---------+---------+-------+---------
           D:1 |       0 |      14 |   0.0 |       0 |       4 |   0.0 |   253
           D:2 |       0 |       9 |   0.0 |       0 |       4 |   0.0 |   135
           D:3 |       0 |      44 |   0.0 |       0 |      12 |   0.0 |   216
           D:4 |       0 |      74 |   0.0 |       0 |       7 |   0.0 |   142
           D:5 |       2 |      44 |   4.3 |       1 |       4 |  20.0 |    79
           D:6 |       0 |     100 |   0.0 |       0 |       1 |   0.0 |   124
           D:8 |       0 |     185 |   0.0 |       0 |       4 |   0.0 |   140
        Temple |       0 |       2 |   0.0 |       0 |       1 |   0.0 |    63
               +---------+---------+-------+---------+---------+-------+---------

Table legend:
 A = Turns spent in this place as a percentage of turns spent in the entire game.
 B = Non-inter-level travel turns spent in this place as a percentage of non-inter-level travel turns spent in the entire game.
 C = Inter-level travel turns spent in this place as a percentage of turns spent in this place.
 D = Turns resting spent in this place as a percentage of non-inter-level travel turns spent in this place.
 E = Turns spent auto-exploring this place as a percentage of non-inter-level travel turns spent in this place.
 F = Non-inter-level travel turns spent in this place divided by the number of levels of this place that you've seen.
                   A       B       C       D       E      F
               +-------+-------+-------+-------+-------+----------------------
         Total | 100.0 | 100.0 |   3.9 |   0.0 |   0.0 | 127.4
       Dungeon |  94.7 |  96.5 |   2.1 |   0.0 |   0.0 | 138.4
        Temple |   5.3 |   3.5 |  36.5 |   0.0 |   0.0 |  40.0
               +-------+-------+-------+-------+-------+----------------------

Table legend:
 A = Kills in this place as a percentage of kills in entire the game.
 B = Kills by you in this place as a percentage of kills by you in the entire game.
 C = Kills by friends in this place as a percentage of kills by friends in the entire game.
 D = Other kills in this place as a percentage of other kills in the entire game.
 E = Experience gained in this place as a percentage of experience gained in the entire game.
 F = Experience gained in this place divided by the number of levels of this place that you have seen.
                   A       B       C       D       E      F
               +-------+-------+-------+-------+-------+----------------------
         Total | 100.0 | 100.0 |   N/A |   N/A | 100.0 |  52.7
       Dungeon |  97.4 |  97.4 |   N/A |   N/A |  99.6 |  59.0
        Temple |   2.6 |   2.6 |   N/A |   N/A |   0.4 |   2.0
               +-------+-------+-------+-------+-------+----------------------

Vault maps used:
D:1:      dpeg_arrival_orchard, minmay_misc_feat_nine_boxes
D:2:      lemuel_round_altar, grunt_dithmenos_smoke_and_mirrors, serial_curves,
          eino_curves_03, eino_curves_03, eino_curves_04, first_bread, tgw_xom
D:3:      minmay_curled_crystal, minmay_surrounded
D:4:      minmay_temple_entry_grid, serial_shops, shop, uniq_robin
D:5:      minivault_4, uniq_menkaure
D:6:      minmay_misc_feat_roman, hangedman_decor_riveting
D:7:      nemelex_altar_shiori, lemuel_round_altar,
          nicolae_overflow_crystal_walls, overflow_temple_1_default, uniq_pikel
D:8:      cheibrodos_quashed, minmay_lair_entry_lava, enter_ossuary_1,
          minivault_25
Temple:   regret_index_temple_generic_petals
